Map: 2000 Atmospheres LE

Players

JonSnow

  • Race: Zerg Zerg

Neeb - Winner!

  • Race: Protoss Protoss

Event: DreamHack SC2 Masters 2021 Fall

VOD

Have the link to the VOD?

Description

Time

  • Played on: Aug. 5, 2021, 5:09 p.m.
  • Length: 5:50

All games in this series

Show
View Real Time Build Order
Export as new Build Order

JonSnow Zerg 

Build Orders: Hatch First 

Get SALT Encoding   

  12  0:01  Drone  
  13  0:11  Overlord  
  13  0:17  Drone  
  14  0:31  Drone x2  
  16  0:55  Hatchery  
  15  0:57  Drone x2  
  15  1:02  Drone  
  18  1:05  Extractor  
  17  1:18  Spawning Pool  
  16  1:21  Drone  
  17  1:28  Drone  
  18  1:34  Drone  
  19  1:47  Overlord  
  19  2:08  Zergling x2, Queen, Spine Crawler  
  18  2:14  Metabolic Boost  
  21  2:18  Zergling x2  
  22  2:23  Zergling x6  
  25  2:35  Drone, Spine Crawler  
  24  2:39  Spine Crawler  
  24  2:43  Zergling x2  
  23  2:48  Zergling x4  
  25  2:55  Spine Crawler  
  24  3:01  Zergling x2  
  24  3:02  Spine Crawler  
  24  3:04  Zergling x2  
  26  3:11  Zergling x2  
  25  3:21  Zergling x2, Queen  
  25  3:22  Zergling x2  
  28  3:31  Zergling x2  
  29  3:39  Drone  
  29  3:40  Zergling x4  
  31  3:47  Zergling x2  
  29  3:56  Queen  
  29  4:00  Spine Crawler  
  30  4:06  Zergling x4  
  30  4:11  Drone x2  
  30  4:16  Zergling x2  
  33  4:18  Drone  
  32  4:26  Spine Crawler  
  32  4:29  Spine Crawler  
  28  4:38  Spine Crawler  
  28  4:45  Zergling x6  
  28  4:47  Zergling x2  
  28  4:52  Zergling x2  
  29  5:02  Zergling x8  
  32  5:11  Zergling x2  
  29  5:15  Zergling x2  
  29  5:27  Zergling x4  
  28  5:31  Zergling x2  
Show
View Real Time Build Order
Export as new Build Order

Neeb Protoss - Winner!

Build Orders: 1 Gate Expand 

Get SALT Encoding   

  12  0:00  Probe  
  13  0:12  Probe  
  14  0:19  Pylon  
  14  0:24  Probe  
  15  0:37  Probe (Chrono Boost)  
  15  0:39  Gateway  
  16  0:46  Probe (Chrono Boost)  
  17  0:51  Assimilator, Probe (Chrono Boost)  
  18  1:03  Probe  
  19  1:15  Probe  
  20  1:26  Nexus  
  20  1:38  Cybernetics Core  
  20  1:40  Probe  
  20  1:45  Assimilator  
  21  1:52  Probe  
  22  1:56  Pylon  
  23  2:12  Stalker (Chrono Boost)  
  25  2:18  Gateway  
  25  2:20  Shield Battery  
  25  2:22  Shield Battery  
  24  2:25  Pylon  
  24  2:33  Stalker (Chrono Boost)  
  26  2:42  Shield Battery  
  26  2:44  Shield Battery  
  26  2:46  Shield Battery  
  25  2:53  Shield Battery  
  25  2:59  Stalker  
  27  3:11  Stalker (Chrono Boost)  
  29  3:14  Shield Battery  
  29  3:21  Shield Battery  
  29  3:26  Stalker (Chrono Boost)  
  31  3:40  Stalker (Chrono Boost)  
  33  3:45  Shield Battery  
  33  3:51  Stalker  
  35  4:05  Shield Battery  
  35  4:06  Shield Battery  
  35  4:12  Pylon  
  35  4:33  Stalker x2  
  39  4:49  Shield Battery  
  39  5:06  Pylon  
  39  5:07  Pylon  
  39  5:10  Stalker  
  39  5:28  Robotics Facility, Probe  

Tags
 
Add a new tag
Caveats
  • Supply blocks, unpowered buildings, or Contaminate may cause inaccurate times.
  • Supply counts are checked every 10 seconds.